 Dungeon Sprint DCSS version 0.16-a0-1243-g6e0463c (webtiles) character file.

69129 Ololoev the Bludgeoner (level 13, -4/145 (157) HPs)
             Began as a Troll Berserker on Oct 10, 2014.
             Was the Champion of Trog.
             Slain by an azure jelly (12 damage)
             ... in the Dungeon (Sprint III: "The Ten Rune Challenge") on Oct 13, 2014.
             The game lasted 00:36:45 (3903 turns).

Ololoev the Bludgeoner (Troll Berserker)            Turns: 3903, Time: 00:36:46

HP:   -4/145 (157)  AC:  8    Str: 31    XL:     13   Next: 78%
MP:   0/5           EV: 11    Int:  3    God:    Trog [******]
Gold: 4992          SH:  0    Dex: 13    Spells: 0 memorised, 12 levels left

rFire  + . .     SeeInvis .     s - +7 giant club "Beetlebane" {crush, rElec rPois rC+ Dex+3}
rCold  + . .     Clarity  .     w - +1 robe of the Comet {rElec rF+}
rNeg   . . .     SustAb   .     (shield restricted)
rPois  +         Gourm    +     d - +1 hat {Spirit}
rElec  +         Spirit   +     k - +2 cloak
rCorr  .         Warding  .     (gloves unavailable)
rMut   .         NoTele   +     (boots unavailable)
MR     .....                    (no amulet)
Stlth  +.........               (no ring)
                                c - +2 ring of protection

@: corroded equipment, studying Fighting, not resistant to hostile enchantments,
very unstealthy
A: unfitting armour, antennae 1, claws 3, icy blue scales 1, fast metabolism 3,
gourmand, high mp 1, regeneration 2, saprovore 2, shaggy fur 1, tough skin 2,
wild magic 1
a: Burn Spellbooks, Berserk, Trog's Hand, Brothers in Arms, Renounce Religion
}: 2/10 runes: serpentine, barnacled


You were in the Dungeon.
You worshipped Trog.
Trog was exalted by your worship.
You were not hungry.

You visited 1 branch You collected 5209 gold pieces.
You spent 217 gold pieces at shops.

Inventory:

Hand weapons
 e - the +8 giant spiked club of Cowardice {freeze, rPois}
   (Trog gifted it to you in the Dungeon)

   It has been specially enchanted to freeze those struck by it, causing extra
   injury to most foes and up to double damage against particularly susceptible
   opponents.
   It can also slow down cold-blooded creatures.
   It protects you from poison.
 s - the cursed +7 giant club "Beetlebane" (weapon) {crush, rElec rPois rC+ Dex+3}
   (Trog gifted it to you in the Dungeon)

   It inflicts extra damage upon your enemies.
   It affects your dexterity (+3).
   It protects you from cold.
   It insulates you from electricity.
   It protects you from poison.
   It has a curse placed upon it.
 t - the +4 giant spiked club of Trog's Anger {holy, Contam +Fly rF+ MR+}
   (Trog gifted it to you in the Dungeon)

   It has been blessed by the Shining One to cause great damage to the undead
   and demons.
   It protects you from fire.
   It affects your resistance to hostile enchantments.
   It lets you fly.
   It causes magical contamination when unequipped.
Missiles
 i - 7 poisoned tomahawks
 l - 20 large rocks (quivered)
 m - 2 tomahawks of dispersal
Armour
 d - a +1 hat of spirit shield (worn)
 k - a +2 cloak (worn)
 w - the +1 robe of the Comet (worn) {rElec rF+}
   (You bought it in a shop in the Dungeon)

   It protects you from fire.
   It insulates you from electricity.
Jewellery
 c - a +2 ring of protection (left claw)
Scrolls
 b - 6 scrolls of identify
 r - a scroll of holy word
Potions
 f - 2 potions of magic
 g - a potion of berserk rage
 h - 2 potions of agility
 p - 5 potions of cure mutation
 q - 3 potions of flight
Books
 x - a manual of Fighting
Comestibles
 a - 2 meat rations
 o - 20 royal jellies


   Skills:
 + Level 17.5 Fighting
 - Level 20.7 Maces & Flails
 - Level 13.4 Throwing
 - Level 1.5 Armour
 + Level 3.8 Dodging
 - Level 14.6 Unarmed Combat


You had 12 spell levels left.
You didn't know any spells.

Dungeon Overview and Level Annotations

Branches:
Dungeon (1/1)

Altars:
Cheibriados
Dithmenos
Elyvilon
Fedhas
Gozag
Kikubaaqudgha
Makhleb
Nemelex Xobeh
Okawaru
Qazlal
Sif Muna
Trog
Vehumet
Xom
Yredelemnul
Zin
The Shining One
Beogh
Jiyva
Lugonu

Shops:
D }![[[%:


Innate Abilities, Weirdness & Mutations

You are too large for most types of armour.
You have claws for hands.
Your metabolism is lightning-fast.
You like to eat raw meat.
You heal very quickly.
You can eat rotten meat.
You are covered in fur (AC +1).
You have very tough skin (AC +2).
You have a pair of small antennae on your head.
You are partially covered in icy blue scales (AC +1).
You have an increased reservoir of magic (+10% MP).
Your spells are a little harder to cast, but a little more powerful.


Message History

The azure jelly hits you! The azure jelly freezes you! You resist.
* * * LOW HITPOINT WARNING * * *
The azure jelly hits you but does no damage. x2
The azure jelly misses you.
You hit the azure jelly but do no damage.
The azure jelly is heavily wounded.
The azure jelly hits you.
* * * LOW HITPOINT WARNING * * *
The azure jelly freezes you! You resist.
* * * LOW HITPOINT WARNING * * *
The azure jelly closely misses you. The azure jelly hits you.
* * * LOW HITPOINT WARNING * * *
The azure jelly hits you.
* * * LOW HITPOINT WARNING * * *
Drink which item? (? for menu, Esc to quit)
Okay, then.
The azure jelly closely misses you. The azure jelly hits you.
* * * LOW HITPOINT WARNING * * *
The azure jelly freezes you! You resist.
You die...

▓...'≈.≈≈§§§≈≈♣♣.(.
▓..P#).≈§§≈§§≈♣♣.≈≈
▓.PP#≈≈§§§≈≈.≈≈'...
▓..P#≈≈§§§§≈§≈♣♣♣♣♣
▓...#≈≈≈≈≈≈≈§§♣
▓##'####'#######♣
▓......[.......)♣♣
▓#'#############'♣
▓.@.#≈...........♣
▓.J.+≈≈...########♣
▓./.#≈≈≈.........PP
▓...#≈≈≈≈P..PP(...P
#'#############'###
##.## #.... ##.#
#.... #.......#
##### .........
##...


You could see an azure jelly.

Vanquished Creatures
  An acid blob (D)
  Harold (D)
  Rupert (D)
  A greater naga (D)
  3 azure jellies (D)
  Maud (D)
  A ghost moth (D)
  Josephine (D)
  2 hydras (D)
  A naga warrior (D)
  A centaur warrior (D)
  2 anacondas (D)
  2 alligator snapping turtles (D)
  4 death yaks (D)
  3 orc high priests (D)
  A deep elf knight (D)
  A death drake (D)
  An unseen horror (D)
  A spriggan druid (D)
  Joseph (D)
  A lindwurm (D)
  A moth of wrath (D)
  A guardian serpent (D)
  A smoke demon (D)
  4 black mambas (D)
  A fire drake (D)
  2 spiny frogs (D)
  A komodo dragon (D)
  2 deep elf priests (D)
  3 wandering mushrooms (D)
  6 blink frogs (D)
  3 snapping turtles (D)
  A shadow (D)
  2 spriggans (D)
  3 redbacks (D)
  7 water moccasins (D)
  A spatial vortex (D)
  2 nagas (D)
  A swamp drake (D)
  A yellow wasp (D)
  2 orc warriors (D)
  2 black mamba simulacra (D)
  2 centaurs (D)
  A necrophage (D)
  A fire dragon simulacrum (D)
  An earth elemental (D)
  2 brain worms (D)
  A water elemental (D)
  4 killer bees (D)
  A jelly (D)
  Crazy Yiuf (D)
  3 orc wizards (D)
  3 orc priests (D)
  A necromancer (D)
  A wizard (D)
  A kobold demonologist (D)
  3 humans (D)
  A polar bear simulacrum (D)
  Jessica (D)
  2 adders (D)
  A giant mite (D)
  A giant eyeball (D)
  An ooze (D)
  11 orcs (D)
  A rat (D)
  A plant (D)
124 creatures vanquished.

Vanquished Creatures (collateral kills)
  A kraken (D)
  An azure jelly (D)
  A ghost moth (D)
  Gastronok (D)
  2 dire elephants (D)
  An anaconda (D)
  A deep elf knight (D)
  2 deep elf summoners (D)
  A black mamba (D)
  2 elephants (D)
  A queen bee (D)
  2 blink frogs (D)
  A snapping turtle (D)
  A water moccasin (D)
  A yellow wasp (D)
  28 killer bees (D)
  3 tentacles (D)
50 creatures vanquished.

Vanquished Creatures (others)
  2 draconian scorchers (D)
  A deep troll (D)
  A hill giant (D)
  A yaktaur (D)
  A two-headed ogre (D)
  A yellow wasp (D)
  2 ogres (D)
  An electric eel (D)
  2 plants (D)
  10 tentacles (D)
  12 tentacle segments (D)
34 creatures vanquished.

Grand Total: 208 creatures vanquished

Notes
Turn   | Place    | Note
--------------------------------------------------------------
     0 | D        | Ololoev, the Troll Berserker, began the quest for the Orb.
     0 | D        | Reached XP level 1. HP: 22/22 MP: 1/1
     7 | D        | Reached skill level 1 in Throwing
    19 | D        | Noticed Jessica
    22 | D        | Acquired Trog's second power
    22 | D        | Reached skill level 4 in Unarmed Combat
    22 | D        | Reached XP level 2. HP: 29/29 MP: 1/1
    30 | D        | Killed Jessica
    30 | D        | Reached skill level 5 in Unarmed Combat
    80 | D        | Reached XP level 3. HP: 21/36 MP: 2/2
   129 | D        | Killed a yaktaur
   134 | D        | Noticed a water elemental
   137 | D        | Killed a water elemental
   137 | D        | Reached skill level 5 in Throwing
   137 | D        | Reached skill level 7 in Unarmed Combat
   137 | D        | Reached XP level 4. HP: 44/44 MP: 2/2
   160 | D        | Killed a white draconian scorcher
   183 | D        | Noticed Crazy Yiuf
   188 | D        | Paralysed by Crazy Yiuf for 5 turns
   194 | D        | Killed Crazy Yiuf
   194 | D        | Reached XP level 5. HP: 14/50 MP: 2/2
   249 | D        | Gained mutation: Your spells are a little easier to cast, but a little less powerful. [potion of mutation]
   249 | D        | Gained mutation: You tend to lose your temper in combat. [potion of mutation]
   249 | D        | Gained mutation: You often lose your temper in combat. [potion of mutation]
   251 | D        | Lost mutation: Your spells are a little easier to cast, but a little less powerful. [potion of cure mutation]
   251 | D        | Lost mutation: You often lose your temper in combat. [potion of cure mutation]
   251 | D        | Lost mutation: You tend to lose your temper in combat. [potion of cure mutation]
   324 | D        | Found a glowing silver altar of Zin.
   325 | D        | Found a glowing golden altar of the Shining One.
   325 | D        | Found a white marble altar of Elyvilon.
   325 | D        | Noticed a deep elf priest
   329 | D        | Killed a deep elf priest
   329 | D        | Reached skill level 8 in Throwing
   329 | D        | Reached skill level 10 in Unarmed Combat
   329 | D        | Reached XP level 6. HP: 55/55 MP: 3/3
   340 | D        | Found a radiant altar of Vehumet.
   340 | D        | Found a deep blue altar of Sif Muna.
   340 | D        | Found an ancient bone altar of Kikubaaqudgha.
   340 | D        | Noticed a wizard
   343 | D        | Noticed a soul eater
   343 | D        | Killed a wizard
   344 | D        | Noticed a red devil
   344 | D        | Received a gift from Trog
   344 | D        | Acquired Trog's third power
   421 | D        | Found an iron altar of Okawaru.
   421 | D        | Found a bloodstained altar of Trog.
   421 | D        | Noticed a human
   423 | D        | Noticed a human
   426 | D        | Killed a human
   426 | D        | Reached XP level 7. HP: 60/63 MP: 3/3
   427 | D        | Killed a human
   427 | D        | Reached skill level 11 in Unarmed Combat
   467 | D        | Found a basalt altar of Yredelemnul.
   467 | D        | Found a snail-covered altar of Cheibriados.
   467 | D        | Found a blossoming altar of Fedhas.
   467 | D        | Noticed a necrophage
   467 | D        | Noticed a necromancer
   469 | D        | Killed a necromancer
   469 | D        | Reached skill level 10 in Throwing
   470 | D        | Killed a necrophage
   477 | D        | Noticed a jelly
   478 | D        | Noticed a shadow
   481 | D        | Killed a shadow
   481 | D        | Reached skill level 5 in Fighting
   484 | D        | Killed a jelly
   505 | D        | Found a stormy altar of Qazlal.
   506 | D        | Found a burning altar of Makhleb.
   506 | D        | Found a viscous altar of Jiyva.
   506 | D        | Found a shimmering altar of Xom.
   506 | D        | Found a shadowy altar of Dithmenos.
   506 | D        | Found a sparkling altar of Nemelex Xobeh.
   506 | D        | Found a corrupted altar of Lugonu.
   506 | D        | Found an opulent altar of Gozag.
   506 | D        | Noticed a spatial vortex
   514 | D        | Killed a spatial vortex
   514 | D        | Reached XP level 8. HP: 76/79 MP: 3/3
   531 | D        | Noticed Josephine
   535 | D        | Killed a white draconian scorcher
   545 | D        | Killed Josephine
   545 | D        | Reached skill level 12 in Unarmed Combat
   553 | D        | Noticed an orc wizard
   554 | D        | Noticed an orc wizard
   554 | D        | Noticed an orc priest
   567 | D        | Received a gift from Trog
   570 | D        | Killed an orc priest
   578 | D        | Received a gift from Trog
   580 | D        | Killed an orc wizard
   580 | D        | Received a gift from Trog
   581 | D        | Killed an orc wizard
   581 | D        | Reached skill level 13 in Unarmed Combat
   584 | D        | Received a gift from Trog
   598 | D        | Noticed an orc wizard
   598 | D        | Noticed an orc warrior
   599 | D        | Noticed an orc warrior
   601 | D        | Killed an orc wizard
   606 | D        | Killed an orc warrior
   606 | D        | Reached XP level 9. HP: 75/90 MP: 4/4
   616 | D        | Received a gift from Trog
   651 | D        | Noticed an orc high priest
   660 | D        | Killed an orc warrior
   660 | D        | Received a gift from Trog
   699 | D        | Killed an orc high priest
   728 | D        | Found Vusk's Armour Boutique.
   728 | D        | Found a roughly hewn altar of Beogh.
   757 | D        | Noticed a deep elf knight
   757 | D        | Noticed a deep elf summoner
   757 | D        | Noticed a deep elf summoner
   757 | D        | Noticed a deep elf priest
   757 | D        | Noticed a deep elf knight
   776 | D        | Killed a deep elf summoner
   777 | D        | Killed a deep elf knight
   777 | D        | Received a gift from Trog
   777 | D        | Reached skill level 14 in Unarmed Combat
   778 | D        | Killed a deep elf summoner
   779 | D        | Killed a deep elf knight
   779 | D        | Reached XP level 10. HP: 71/105 MP: 4/4
   790 | D        | Noticed a deep elf demonologist
   793 | D        | Noticed a deep elf demonologist
   795 | D        | Noticed a sixfirhy
   795 | D        | Killed a deep elf priest
   797 | D        | Received a gift from Trog
   798 | D        | Got a fine giant club {god gift}
   803 | D        | Noticed a deep elf annihilator
   822 | D        | Identified the cursed +7 giant club "Beetlebane" {crush, rElec rPois rC+ Dex+3} (Trog gifted it to you in the Dungeon)
   841 | D        | Noticed an earth elemental
   846 | D        | Killed an earth elemental
   854 | D        | Noticed a centaur
   854 | D        | Noticed a centaur warrior
   854 | D        | Noticed a centaur
   869 | D        | Killed a centaur warrior
   869 | D        | Reached skill level 10 in Fighting
   870 | D        | Killed a centaur
   872 | D        | Killed a centaur
  1234 | D        | Killed an unseen horror
  1234 | D        | Reached skill level 5 in Maces & Flails
  1245 | D        | Noticed a killer bee
  1245 | D        | Noticed a killer bee
  1245 | D        | Noticed a killer bee
  1245 | D        | Noticed a killer bee
  1245 | D        | Noticed a killer bee
  1245 | D        | Noticed a killer bee
  1245 | D        | Noticed a killer bee
  1245 | D        | Noticed a killer bee
  1245 | D        | Noticed a killer bee
  1245 | D        | Noticed a killer bee
  1245 | D        | Noticed a killer bee
  1245 | D        | Noticed a killer bee
  1245 | D        | Noticed a killer bee
  1247 | D        | Noticed a killer bee
  1247 | D        | Noticed a killer bee
  1247 | D        | Noticed a killer bee
  1248 | D        | Killed a killer bee
  1249 | D        | Killed a killer bee
  1250 | D        | Killed a killer bee
  1251 | D        | Noticed a killer bee
  1251 | D        | Killed a killer bee
  1252 | D        | Noticed a killer bee
  1252 | D        | Killed a killer bee
  1252 | D        | Received a gift from Trog
  1253 | D        | Killed a killer bee
  1254 | D        | Killed a killer bee
  1256 | D        | Killed a killer bee
  1257 | D        | Killed a killer bee
  1259 | D        | Noticed a killer bee
  1259 | D        | Killed a killer bee
  1260 | D        | Killed a killer bee
  1261 | D        | Noticed a killer bee
  1261 | D        | Killed a killer bee
  1262 | D        | Killed a killer bee
  1263 | D        | Noticed a killer bee
  1263 | D        | Killed a killer bee
  1264 | D        | Killed a killer bee
  1268 | D        | Noticed a killer bee
  1268 | D        | Killed a killer bee
  1268 | D        | Received a gift from Trog
  1270 | D        | Noticed a queen bee
  1270 | D        | Killed a queen bee
  1271 | D        | Noticed a killer bee
  1272 | D        | Noticed a killer bee
  1272 | D        | Killed a killer bee
  1273 | D        | Noticed a killer bee
  1274 | D        | Noticed a killer bee
  1274 | D        | Killed a killer bee
  1275 | D        | Killed a killer bee
  1276 | D        | Noticed a killer bee
  1276 | D        | Killed a killer bee
  1276 | D        | Killed a killer bee
  1277 | D        | Killed a killer bee
  1278 | D        | Noticed a killer bee
  1278 | D        | Killed a killer bee
  1280 | D        | Killed a killer bee
  1282 | D        | Killed a killer bee
  1283 | D        | Killed a killer bee
  1283 | D        | Received a gift from Trog
  1284 | D        | Killed a killer bee
  1285 | D        | Noticed a killer bee
  1287 | D        | Noticed a killer bee
  1287 | D        | Killed a killer bee
  1287 | D        | Received a gift from Trog
  1293 | D        | Killed a killer bee
  1297 | D        | Killed a killer bee
  1298 | D        | Killed a killer bee
  1302 | D        | Killed a killer bee
  1327 | D        | Got a shimmering giant spiked club {god gift}
  1331 | D        | Received a gift from Trog
  1331 | D        | Received a gift from Trog
  1331 | D        | Received a gift from Trog
  1333 | D        | Received a gift from Trog
  1341 | D        | Received a gift from Trog
  1421 | D        | Noticed a wandering mushroom
  1425 | D        | Noticed a wandering mushroom
  1427 | D        | Noticed a wandering mushroom
  1430 | D        | Killed a wandering mushroom
  1432 | D        | Killed an electric eel
  1435 | D        | Killed a wandering mushroom
  1438 | D        | Killed a wandering mushroom
  1450 | D        | Noticed a spiny frog
  1450 | D        | Noticed a komodo dragon
  1450 | D        | Noticed a spiny frog
  1456 | D        | Killed a spiny frog
  1457 | D        | Killed a komodo dragon
  1457 | D        | Reached XP level 11. HP: 89/116 MP: 4/4
  1460 | D        | Killed a spiny frog
  1463 | D        | Received a gift from Trog
  1531 | D        | Noticed a swamp drake
  1531 | D        | Noticed a fire drake
  1536 | D        | Killed a swamp drake
  1540 | D        | Killed a fire drake
  1540 | D        | Reached skill level 10 in Maces & Flails
  1556 | D        | Noticed a blink frog
  1556 | D        | Noticed a blink frog
  1556 | D        | Noticed a blink frog
  1561 | D        | Killed a blink frog
  1563 | D        | Noticed a blink frog
  1564 | D        | Noticed a blink frog
  1564 | D        | Killed a blink frog
  1569 | D        | Killed a blink frog
  1571 | D        | Killed a blink frog
  1571 | D        | Received a gift from Trog
  1601 | D        | Killed a blink frog
  1626 | D        | Noticed an elephant
  1627 | D        | Noticed an elephant
  1627 | D        | Noticed a dire elephant
  1627 | D        | Noticed a dire elephant
  1627 | D        | Noticed Gastronok
  1631 | D        | Killed an elephant
  1633 | D        | Killed a dire elephant
  1634 | D        | Killed a dire elephant
  1634 | D        | Received a gift from Trog
  1635 | D        | Killed an elephant
  1640 | D        | Killed Gastronok
  1644 | D        | Received a gift from Trog
  1664 | D        | Noticed an azure jelly
  1664 | D        | Noticed an azure jelly
  1664 | D        | Noticed an azure jelly
  1664 | D        | Noticed an azure jelly
  1671 | D        | Killed an azure jelly
  1680 | D        | Killed an azure jelly
  1682 | D        | Killed an azure jelly
  1686 | D        | HP: 4/184 [azure jelly (11)]
  1697 | D        | Killed an azure jelly
  1840 | D        | Noticed a death yak
  1841 | D        | Noticed a death yak
  1841 | D        | Noticed a blink frog
  1841 | D        | Noticed a death yak
  1841 | D        | Noticed a blink frog
  1841 | D        | Noticed a blink frog
  1841 | D        | Noticed a death yak
  1853 | D        | Noticed Rupert
  1865 | D        | Killed Rupert
  1865 | D        | Reached skill level 15 in Maces & Flails
  1865 | D        | Reached XP level 12. HP: 133/133 MP: 5/5
  1916 | D        | Noticed a black mamba
  1918 | D        | Killed a blink frog
  1918 | D        | Received a gift from Trog
  1920 | D        | Killed a black mamba
  1921 | D        | Killed a blink frog
  1923 | D        | Killed a death yak
  1923 | D        | Received a gift from Trog
  1928 | D        | Noticed a black mamba
  1929 | D        | Killed a death yak
  1931 | D        | Killed a death yak
  1931 | D        | Received a gift from Trog
  1936 | D        | Killed a death yak
  1936 | D        | Killed a black mamba
  1936 | D        | Reached skill level 16 in Maces & Flails
  1955 | D        | Killed a blink frog
  2053 | D        | Noticed an anaconda
  2057 | D        | Killed an anaconda
  2058 | D        | Noticed a water moccasin
  2058 | D        | Noticed a water moccasin
  2058 | D        | Noticed an anaconda
  2058 | D        | Noticed a black mamba
  2058 | D        | Noticed a black mamba
  2064 | D        | Killed a black mamba
  2070 | D        | Killed an anaconda
  2073 | D        | Killed a black mamba
  2074 | D        | Killed a water moccasin
  2076 | D        | Killed a water moccasin
  2076 | D        | Received a gift from Trog
  2217 | D        | Noticed a water moccasin
  2217 | D        | Noticed a water moccasin
  2217 | D        | Noticed a black mamba
  2217 | D        | Noticed a water moccasin
  2217 | D        | Noticed a water moccasin
  2221 | D        | Killed a black mamba
  2221 | D        | Received a gift from Trog
  2221 | D        | Reached skill level 17 in Maces & Flails
  2224 | D        | Killed a water moccasin
  2225 | D        | Killed a water moccasin
  2225 | D        | Received a gift from Trog
  2227 | D        | Killed a water moccasin
  2229 | D        | Killed a water moccasin
  2233 | D        | Got a jewelled giant spiked club {god gift}
  2277 | D        | Noticed a water moccasin
  2277 | D        | Noticed a water moccasin
  2277 | D        | Noticed an anaconda
  2279 | D        | Killed a water moccasin
  2284 | D        | Killed an anaconda
  2287 | D        | Killed a water moccasin
  2290 | D        | Received a gift from Trog
  2306 | D        | Got a fine giant club {god gift}
  2315 | D        | Noticed a naga warrior
  2315 | D        | Noticed a naga
  2315 | D        | Noticed a naga
  2316 | D        | Noticed a greater naga
  2332 | D        | Killed a naga
  2333 | D        | Killed a naga
  2341 | D        | Killed a naga warrior
  2341 | D        | Reached skill level 15 in Fighting
  2345 | D        | Killed a greater naga
  2345 | D        | Received a gift from Trog
  2345 | D        | Reached skill level 18 in Maces & Flails
  2349 | D        | Got a blackened giant spiked club {god gift}
  2397 | D        | Found Guoddat's Gadget Boutique.
  2397 | D        | Found Ighitasa's Distillery.
  2401 | D        | Found Zismyn's Antique Armour Shop.
  2409 | D        | Bought a potion of agility for 27 gold pieces
  2409 | D        | Bought a potion of mutation for 27 gold pieces
  2409 | D        | Bought a potion of curing for 22 gold pieces
  2409 | D        | Bought a potion of heal wounds for 33 gold pieces
  2410 | D        | Gained mutation: You have an increased reservoir of magic (+10% MP). [potion of mutation]
  2410 | D        | Gained mutation: Your spells are a little harder to cast, but a little more powerful. [potion of mutation]
  2416 | D        | Noticed a guardian serpent
  2418 | D        | Killed a guardian serpent
  2430 | D        | Got a serpentine rune of Zot
  2516 | D        | Noticed a redback
  2519 | D        | Killed a redback
  2531 | D        | Noticed a brain worm
  2535 | D        | Killed a brain worm
  2538 | D        | Noticed a brain worm
  2539 | D        | Killed a brain worm
  2541 | D        | Received a gift from Trog
  2544 | D        | Noticed a lindwurm
  2547 | D        | Noticed a redback
  2548 | D        | Killed a lindwurm
  2548 | D        | Received a gift from Trog
  2548 | D        | Reached XP level 13. HP: 89/146 MP: 3/5
  2549 | D        | Killed a redback
  2632 | D        | Received a gift from Trog
  2639 | D        | Noticed a redback
  2640 | D        | Killed a redback
  2640 | D        | Received a gift from Trog
  2641 | D        | Got a pitted giant spiked club {god gift}
  2642 | D        | Noticed Maud
  2647 | D        | Killed Maud
  2675 | D        | Noticed a six-headed hydra
  2675 | D        | Noticed a six-headed hydra
  2682 | D        | Killed a six-headed hydra
  2685 | D        | Killed a six-headed hydra
  2708 | D        | Noticed a death drake
  2713 | D        | Killed a death drake
  2713 | D        | Received a gift from Trog
  2713 | D        | Reached skill level 19 in Maces & Flails
  2719 | D        | Noticed a snapping turtle
  2720 | D        | Noticed a kraken
  2728 | D        | Killed a snapping turtle
  2774 | D        | Killed a kraken
  2781 | D        | Noticed a snapping turtle
  2784 | D        | Killed a snapping turtle
  2831 | D        | Noticed a snapping turtle
  2832 | D        | Noticed an alligator snapping turtle
  2852 | D        | Killed a snapping turtle
  2879 | D        | Killed an alligator snapping turtle
  2916 | D        | Noticed an alligator snapping turtle
  2917 | D        | Noticed a snapping turtle
  2938 | D        | Killed an alligator snapping turtle
  2938 | D        | Received a gift from Trog
  2962 | D        | Killed a snapping turtle
  3014 | D        | Found Isaxzap's Antique Armour Emporium.
  3015 | D        | Found Neol's Food Shop.
  3018 | D        | Found Fejana's Book Boutique.
  3024 | D        | Bought a brightly glowing robe for 108 gold pieces
  3035 | D        | Identified the +1 robe of the Comet {rElec rF+} (You bought it in a shop in the Dungeon)
  3038 | D        | Got a barnacled rune of Zot
  3060 | D        | Upgraded the game from 0.16-a0-1183-g5b05a17 to 0.16-a0-1243-g6e0463c
  3062 | D        | Found a blossoming altar of Fedhas.
  3062 | D        | Noticed a spriggan
  3062 | D        | Noticed a spriggan druid
  3062 | D        | Noticed a spriggan
  3062 | D        | Paralysed by a spriggan for 3 turns
  3069 | D        | Killed a spriggan druid
  3072 | D        | Killed a spriggan
  3073 | D        | Killed a spriggan
  3073 | D        | Received a gift from Trog
  3080 | D        | Noticed a moth of wrath
  3082 | D        | Noticed a yellow wasp
  3089 | D        | HP: 7/149 [something (11)]
  3089 | D        | HP: 1/149 [something (6)]
  3090 | D        | Killed a ghost moth
  3090 | D        | Reached skill level 20 in Maces & Flails
  3091 | D        | Killed a moth of wrath
  3091 | D        | Received a gift from Trog
  3092 | D        | Killed a yellow wasp
  3094 | D        | Noticed a yellow wasp
  3094 | D        | Killed a yellow wasp
  3121 | D        | Noticed a yellow wasp
  3123 | D        | Killed a ghost moth
  3126 | D        | Killed a yellow wasp
  3278 | D        | Gained mutation: You have a pair of small antennae on your head. [mutagenic meat]
  3282 | D        | Gained mutation: You are partially covered in icy blue scales (AC +1). [mutagenic meat]
  3312 | D        | Noticed a black mamba simulacrum
  3312 | D        | Noticed a fire dragon simulacrum
  3314 | D        | Killed a fire dragon simulacrum
  3315 | D        | Noticed a black mamba simulacrum
  3315 | D        | Killed a black mamba simulacrum
  3316 | D        | Noticed a polar bear simulacrum
  3316 | D        | Killed a black mamba simulacrum
  3318 | D        | Killed a polar bear simulacrum
  3509 | D        | Noticed Harold
  3509 | D        | Noticed Joseph
  3520 | D        | Killed Harold
  3520 | D        | Received a gift from Trog
  3586 | D        | Killed Joseph
  3598 | D        | Noticed an orc priest
  3598 | D        | Noticed an orc priest
  3600 | D        | Noticed an orc high priest
  3602 | D        | Killed an orc priest
  3603 | D        | Noticed an orc high priest
  3603 | D        | Killed an orc priest
  3609 | D        | Killed an orc high priest
  3618 | D        | Killed an orc high priest
  3708 | D        | Noticed a yaktaur captain
  3708 | D        | Noticed a yaktaur captain
  3751 | D        | Received a gift from Trog
  3824 | D        | Identified the +8 giant spiked club of Cowardice {freeze, rPois} (Trog gifted it to you in the Dungeon)
  3825 | D        | Identified the +4 giant spiked club of Sloth {crush, rElec} (Trog gifted it to you in the Dungeon)
  3826 | D        | Identified the +7 giant spiked club of Forgiveness {elec, -Tele rElec} (Trog gifted it to you in the Dungeon)
  3827 | D        | Identified the +4 giant spiked club of Trog's Anger {holy, Contam +Fly rF+ MR+} (Trog gifted it to you in the Dungeon)
  3883 | D        | Noticed a shining eye
  3883 | D        | Noticed an azure jelly
  3883 | D        | Noticed an acid blob
  3895 | D        | Killed an acid blob
  3903 | D        | Slain by an azure jelly

Action                   |  1- 3 |  4- 6 |  7- 9 | 10-12 | 13-15 || total
-------------------------+-------+-------+-------+-------+-------++-------
Melee: Unarmed           |    24 |    15 |    59 |     2 |       ||   100
       Giant club        |       |       |       |   122 |    73 ||   195
Throw: Tomahawk          |       |     2 |    14 |     4 |       ||    20
       Large rock        |       |       |       |    37 |    41 ||    78
Invok: Berserk           |     2 |     1 |     1 |     7 |     1 ||    12
       Burn Spellbooks   |       |     1 |       |       |     1 ||     2
       Trog's Hand       |       |       |     1 |     8 |     2 ||    11
       Brothers in Arms  |       |       |     1 |    11 |     3 ||    15
Evoke: Deck              |       |       |     2 |       |       ||     2
  Use: Scroll            |       |     4 |       |     2 |     5 ||    11
       Potion            |       |     3 |       |     5 |     5 ||    13
 Stab: Confused          |       |       |       |     1 |       ||     1
       Sleeping          |       |       |       |       |     1 ||     1
  Eat: Chunk             |       |     2 |    10 |    17 |     3 ||    32
       Royal jelly       |       |     1 |       |     5 |     2 ||     8
       Fruit             |       |       |       |       |     6 ||     6
